Map: Winter's Gate LE

Players

Denver

  • Race: Zerg Zerg
  • League: Master
  • Spawn Location: 5:00

HeroMarine - Winner!

  • Race: Terran Terran
  • League: Master
  • Spawn Location: 11:00

Event: HomeStory Cup XX

VOD

Have the link to the VOD?

Description

Time

  • Played on: Nov. 21, 2019, 10:21 a.m.
  • Length: 9:51

All games in this series

Show
View Real Time Build Order
Export as new Build Order

Denver Zerg 

Build Orders: Hatch First, Muta Ling Bane 

Get SALT Encoding   

  12  0:00  Drone  
  13  0:12  Overlord  
  13  0:16  Drone  
  14  0:30  Drone  
  14  0:31  Drone  
  16  0:47  Hatchery  
  15  0:50  Drone  
  15  0:54  Drone  
  17  0:58  Drone  
  18  1:07  Extractor  
  17  1:12  Spawning Pool  
  17  1:15  Drone  
  17  1:18  Drone  
  18  1:28  Drone  
  19  1:39  Drone  
  20  1:50  Overlord  
  20  1:59  Queen x2  
  20  2:00  Zergling x4  
  26  2:09  Drone  
  26  2:12  Drone  
  28  2:24  Hatchery, Drone  
  28  2:30  Drone  
  28  2:32  Drone  
  28  2:35  Drone  
  31  2:39  Metabolic Boost  
  30  2:44  Overlord  
  30  2:47  Drone  
  31  2:53  Queen  
  31  2:56  Drone  
  31  2:58  Drone  
  35  3:04  Drone  
  36  3:07  Pneumatized Carapace  
  36  3:08  Drone  
  36  3:09  Drone  
  36  3:12  Drone  
  39  3:16  Drone x2  
  41  3:20  Overlord  
  41  3:25  Zergling x2  
  42  3:33  Overlord  
  42  3:35  Queen  
  42  3:36  Zergling x2  
  42  3:37  Zergling x2  
  42  3:40  Queen  
  48  3:43  Drone  
  48  3:44  Drone  
  51  3:48  Drone x2  
  51  3:49  Drone  
  51  3:52  Overlord  
  53  3:58  Drone  
  53  3:59  Drone  
  53  4:00  Baneling Nest  
  53  4:01  Drone  
  55  4:03  Drone  
  55  4:05  Overlord  
  56  4:10  Drone x2  
  56  4:11  Drone  
  56  4:14  Zergling x4  
  61  4:18  Overlord  
  61  4:21  Zergling x4  
  61  4:22  Drone  
  61  4:24  Overlord  
  64  4:30  Lair  
  64  4:31  Drone  
  64  4:33  Spore Crawler  
  64  4:34  Drone x2  
  66  4:39  Queen  
  66  4:42  Drone x3  
  66  4:43  Drone  
  72  4:50  Drone  
  72  4:51  Drone x4  
  75  4:53  Drone  
  75  4:56  Extractor  
  75  4:57  Extractor  
  75  4:58  Evolution Chamber x2  
  71  5:02  Drone  
  71  5:03  Drone x4  
  69  5:14  Drone  
  69  5:15  Drone x5  
  69  5:19  Hatchery  
  72  5:22  Evolution Chamber  
  72  5:24  Drone  
  73  5:28  Hatchery  
  73  5:29  Centrifical Hooks  
  73  5:31  Drone x3  
  73  5:33  Extractor  
  73  5:35  Extractor  
  73  5:38  Zerg Melee Weapons Level 1  
  73  5:42  Drone  
  74  5:43  Drone x5, Overlord  
  74  5:46  Overlord  
  79  5:51  Queen  
  79  5:53  Zergling x2, Zerg Ground Armor Level 1  
  79  5:56  Overlord  
  82  5:58  Overlord  
  82  6:02  Zergling x10  
  82  6:04  Overlord  
  87  6:07  Overlord  
  87  6:09  Zergling x8  
  87  6:10  Overseer  
  91  6:14  Overlord  
  91  6:15  Baneling x2  
  91  6:20  Queen  
  91  6:22  Zergling x2, Baneling x2  
  91  6:23  Zergling x8  
  98  6:29  Zergling x8  
  98  6:31  Extractor  
  101  6:32  Spire  
  101  6:34  Zergling x8  
  101  6:35  Baneling  
  101  6:39  Zergling x6  
  107  6:45  Zergling x2  
  107  6:46  Zergling x8  
  112  6:50  Overseer  
  112  6:52  Zergling x14  
  119  6:55  Zergling x4  
  117  7:02  Zergling x8  
  121  7:09  Zergling x10  
  121  7:11  Baneling  
  121  7:12  Baneling x7  
  121  7:14  Zergling x4  
  128  7:17  Zergling x2  
  128  7:18  Zergling x8  
  131  7:28  Overlord  
  125  7:30  Baneling  
  122  7:40  Zergling x22  
  119  7:48  Overlord  
  113  7:53  Mutalisk x6  
  120  8:00  Mutalisk  
  120  8:01  Overlord  
  120  8:05  Overlord  
  122  8:09  Hatchery  
  122  8:11  Baneling x5  
  121  8:15  Zergling x6  
  124  8:20  Zergling x10  
  124  8:23  Zergling x4  
  124  8:24  Zergling x2  
  132  8:27  Zergling x4  
  109  8:41  Zergling x4  
  109  8:42  Zergling x20  
  109  8:45  Mutalisk x2  
  122  8:52  Baneling  
  122  8:53  Zergling x6, Baneling x4  
  119  8:57  Zergling x6  
  116  9:05  Mutalisk x3  
  102  9:14  Zergling x12  
  102  9:15  Zergling x4  
  110  9:19  Baneling x5  
  110  9:20  Baneling x3  
  102  9:26  Zergling x8  
  106  9:33  Zergling x8  
Show
View Real Time Build Order
Export as new Build Order

HeroMarine Terran - Winner!

Build Orders: Hellion Opening, Reaper Expand 

Get SALT Encoding   

  12  0:01  SCV  
  13  0:13  SCV  
  14  0:17  Supply Depot  
  14  0:25  SCV  
  15  0:38  SCV  
  15  0:39  Barracks  
  16  0:43  Refinery  
  16  0:50  SCV  
  17  1:03  SCV  
  18  1:15  SCV  
  19  1:26  Reaper  
  19  1:27  Orbital Command  
  20  1:39  Command Center  
  20  1:50  Supply Depot  
  20  1:53  SCV  
  21  1:58  Marine  
  22  2:05  SCV  
  22  2:08  Factory  
  23  2:17  Refinery, SCV  
  23  2:20  Barracks Reactor  
  24  2:29  SCV  
  25  2:41  SCV  
  26  2:52  Starport  
  26  2:53  Orbital Command, SCV  
  27  3:04  Hellion x2  
  27  3:05  Barracks Tech Lab, SCV  
  32  3:17  SCV  
  32  3:18  SCV  
  34  3:25  Hellion x2, Supply Depot  
  38  3:30  Viking, SCV x2  
  38  3:32  Stimpack  
  38  3:34  Marine  
  43  3:42  SCV x2  
  45  3:49  Hellion x2  
  45  3:52  Marine  
  45  3:54  Supply Depot, SCV x2  
  52  4:06  SCV x2  
  54  4:15  Marine  
  54  4:16  Command Center  
  55  4:18  SCV x2  
  57  4:27  Supply Depot  
  57  4:30  Factory Tech Lab  
  57  4:32  SCV x2, Barracks  
  57  4:33  Marine  
  57  4:36  Barracks  
  60  4:44  SCV  
  60  4:45  SCV  
  62  4:51  Marine  
  62  4:52  Starport Reactor, Siege Tank  
  64  4:56  Engineering Bay, SCV  
  64  4:57  Engineering Bay, SCV  
  66  5:05  Refinery  
  66  5:06  Refinery  
  66  5:07  Supply Depot  
  66  5:08  Marine  
  66  5:09  SCV  
  66  5:10  SCV  
  66  5:18  Combat Shield  
  66  5:19  Marine x2  
  66  5:21  SCV  
  67  5:24  Terran Infantry Weapons Level 1, Terran Infantry Armor Level 1  
  67  5:26  Marine  
  67  5:28  Siege Tank  
  71  5:33  Starport Reactor, Orbital Command  
  71  5:37  Marine x2  
  71  5:38  Marine x2  
  75  5:50  SCV x2  
  75  5:54  Supply Depot, Orbital Command, Barracks  
  75  5:55  Marine x2  
  75  5:56  Barracks  
  79  6:01  Marine x2  
  79  6:02  Marine, SCV x2  
  82  6:13  Armory  
  82  6:14  Marine x2, Supply Depot, SCV x2  
  82  6:15  Medivac  
  82  6:16  Medivac  
  90  6:19  SCV  
  90  6:24  Marine x2  
  90  6:25  Marine  
  94  6:26  SCV x2  
  94  6:31  Marine  
  94  6:32  Marine, SCV  
  99  6:37  Supply Depot x2  
  99  6:38  SCV x2  
  101  6:42  Marine x2  
  101  6:43  Barracks Reactor  
  101  6:44  SCV  
  101  6:45  Marine, Barracks Reactor  
  105  6:49  Medivac x2  
  109  6:56  SCV  
  109  6:58  Marine x2, SCV x2  
  109  6:59  Marine  
  111  7:02  Marine  
  111  7:03  Marine  
  111  7:08  SCV  
  111  7:10  Siege Tank  
  111  7:13  Factory, SCV x2  
  117  7:16  Marine x2  
  117  7:17  Marine  
  117  7:19  Marine, Medivac x2  
  125  7:24  Marine  
  125  7:26  Marine x2, Orbital Command, SCV  
  125  7:27  Marine  
  125  7:28  Marine  
  120  7:33  Orbital Command  
  116  7:39  Marine x2  
  116  7:41  Marine x2  
  116  7:42  Marine  
  116  7:44  Marine  
  101  7:46  SCV x2  
  101  7:48  Marine x2  
  105  7:57  Marine x2  
  105  7:58  SCV x3  
  110  7:59  Marine  
  110  8:10  Marine, SCV  
  110  8:11  Marine x3  
  117  8:13  Marine x2  
  117  8:17  SCV x2  
  117  8:18  Supply Depot  
  119  8:21  Supply Depot  
  119  8:22  SCV  
  119  8:23  Marine  
  119  8:24  Marine x2  
  123  8:28  Marine  
  123  8:29  SCV  
  125  8:38  Marine x4  
  125  8:39  SCV  
  120  8:43  Marine x2  
  120  8:45  Thor  
  120  8:46  SCV  
  120  8:47  Factory, SCV  
  120  8:48  Marine  
  115  8:49  Marine x2  
  115  8:51  SCV  
  115  8:52  Medivac x2  
  121  8:56  Marine x4  
  121  8:58  SCV  
  121  8:59  SCV  
  121  9:01  Marine  
  128  9:02  Marine  
  128  9:03  SCV  
  128  9:06  Marine  
  128  9:07  Marine x2  
  129  9:14  Marine  
  129  9:15  Marine x2  
  132  9:19  Marine  
  132  9:20  Marine, Missile Turret  
  132  9:21  Marine  
  132  9:23  Missile Turret  
  132  9:24  Marine x2  
  132  9:25  Marine  
  137  9:32  Marine  
  141  9:38  Factory Reactor  
  141  9:41  Refinery  
  141  9:42  Supply Depot x2  
Tags
 
Add a new tag
Caveats
  • Supply blocks, unpowered buildings, or Contaminate may cause inaccurate times.
  • Supply counts are checked every 10 seconds.